 Dungeon Crawl Stone Soup version 0.26-a0-58-g79b31b8 (webtiles) character file.

Game seed: 16943699811673266754

158 pichaelthompson the Shield-Bearer (level 5, 0/47 HPs)
             Began as a Gnoll Fighter on June 8, 2020.
             Slain by Grinder (1 damage)
             ... while paralysed by Grinder
             ... on level 3 of the Dungeon.
             The game lasted 00:04:15 (2266 turns).

pichaelthompson the Shield-Bearer (Gnoll Fighter)   Turns: 2266, Time: 00:04:15

Health: 0/47       AC: 11    Str: 19    XL:     5   Next: 40%
Magic:  7/7        EV:  2    Int: 10    God:
Gold:   134        SH:  0    Dex: 15    Spells: 6/6 levels left

rFire    + . .     SeeInvis .   a - +0 long sword
rCold    . . .     Gourm    .   c - +0 kite shield
rNeg     . . .     Faith    .   u - +2 scale mail {rF+}
rPois    .         Spirit   .   (no helmet)
rElec    .         Reflect  .   (no cloak)
rCorr    .         Harm     .   j - +0 pair of gloves
MR       .....                  (no boots)
Stlth    ..........             p - amulet of the acrobat
HPRegen  0.15/turn              (no ring)
MPRegen  0.10/turn              (no ring)

@: paralysed, mighty
A: distributed training, fangs 1, strong nose
a: no special abilities


You were on level 3 of the Dungeon.
You were hungry.

You visited 1 branch of the dungeon, and saw 3 of its levels.

You collected 134 gold pieces.

Inventory:

Hand Weapons
 a - a +0 long sword (weapon)
Armour
 c - a +0 kite shield (worn)
 j - a +0 pair of gloves (worn)
 u - a +2 scale mail of fire resistance (worn)
Jewellery
 p - an amulet of the acrobat (around neck)
Scrolls
 e - a scroll of amnesia {unknown}
 g - 3 scrolls of identify {unknown}
 h - a scroll of fog {unknown}
 k - a scroll of immolation {unknown}
 o - a scroll of blinking {unknown}
 q - a scroll of fear {unknown}
Potions
 b - 2 potions of mutation {unknown}
 i - a potion of stabbing {unknown}
 l - a potion of degeneration {unknown}
 m - 3 potions of curing {unknown}
 n - a potion of heal wounds {unknown}
 s - a potion of magic {unknown}
Comestibles
 f - a ration
 t - a chunk of flesh


   Skills:
 + Level 6.7 Fighting
 + Level 1.4 Short Blades
 + Level 4.7 Long Blades
 + Level 1.4 Axes
 + Level 1.4 Maces & Flails
 + Level 1.4 Polearms
 + Level 1.4 Staves
 + Level 1.4 Slings
 + Level 1.4 Bows
 + Level 1.4 Crossbows
 + Level 1.4 Throwing
 + Level 6.7 Armour
 + Level 1.4 Dodging
 + Level 1.4 Stealth
 + Level 6.7 Shields
 + Level 1.4 Unarmed Combat
 + Level 1.4 Spellcasting
 + Level 1.1 Conjurations
 + Level 1.1 Hexes
 + Level 1.1 Charms
 + Level 1.1 Summonings
 + Level 1.1 Necromancy
 + Level 1.1 Translocations
 + Level 1.1 Transmutations
 + Level 1.1 Fire Magic
 + Level 1.1 Ice Magic
 + Level 1.1 Air Magic
 + Level 1.1 Earth Magic
 + Level 1.1 Poison Magic
 + Level 1.6 Invocations
 + Level 1.4 Evocations


You had 6 spell levels left.
You didn't know any spells.
Your spell library was empty.

Dungeon Overview and Level Annotations

Branches:
Dungeon (3/15)

Altars:

Annotations:
D:3 Grinder


Innate Abilities, Weirdness & Mutations

Your experience applies equally to all skills.
You have very sharp teeth.
Your uncanny sense of smell can sniff out nearby items.


Message History

Grinder is severely wounded.
Grinder hits you.
You writhe in agony.
* * * LOW HITPOINT WARNING * * *
You are too injured to fight recklessly!
You are too injured to fight recklessly!
You barely miss Grinder.
Grinder is severely wounded.
Grinder says, "FISH!"
Grinder hits you.
* * * LOW HITPOINT WARNING * * *
You writhe in agony.
* * * LOW HITPOINT WARNING * * *
You feel very mighty all of a sudden. Grinder gestures at you.
You suddenly lose the ability to move!
Grinder gestures at you. Pain shoots through your body!
* * * LOW HITPOINT WARNING * * *
Grinder hits you.
You die...

#..# .. ∆# #..#
... #. #..# #..
#..###..# ...
......##.# .
.......#...
.##.####.........
.......@5......#
.##.##.#.###.###
#.#.# #....
#...## #....
#..## ...


You could see Grinder.

Vanquished Creatures
  Terence (D:2)
  3 gnolls (D:2)
  5 adders (D:2)
  A worm (D:3)
  2 dart slugs
  A leopard gecko (D:2)
  4 bats
  2 giant cockroaches (D:2)
  6 goblins
  6 hobgoblins
  2 jackals (D:3)
  9 kobolds
  3 quokkas (D:2)
  2 ball pythons (D:2)
  6 rats
53 creatures vanquished.

Notes
Turn   | Place    | Note
-------+----------+-------------------------------------------
     0 | D:1      | pichaelthompson the Gnoll Fighter began the quest for the
                  | Orb.
     0 | D:1      | Reached XP level 1. HP: 23/23 MP: 1/1
   187 | D:1      | Reached XP level 2. HP: 29/29 MP: 2/2
   912 | D:2      | Reached XP level 3. HP: 27/35 MP: 3/3
  1155 | D:2      | Reached skill level 1 in Invocations
  1265 | D:2      | Reached skill level 1 in Short Blades
  1265 | D:2      | Reached skill level 1 in Axes
  1265 | D:2      | Reached skill level 1 in Maces & Flails
  1265 | D:2      | Reached skill level 1 in Polearms
  1265 | D:2      | Reached skill level 1 in Staves
  1265 | D:2      | Reached skill level 1 in Slings
  1265 | D:2      | Reached skill level 1 in Bows
  1265 | D:2      | Reached skill level 1 in Crossbows
  1265 | D:2      | Reached skill level 1 in Throwing
  1265 | D:2      | Reached skill level 1 in Dodging
  1265 | D:2      | Reached skill level 1 in Stealth
  1265 | D:2      | Reached skill level 1 in Unarmed Combat
  1265 | D:2      | Reached skill level 1 in Spellcasting
  1265 | D:2      | Reached skill level 1 in Evocations
  1265 | D:2      | Reached XP level 4. HP: 36/41 MP: 5/5
  1512 | D:2      | Reached skill level 1 in Conjurations
  1512 | D:2      | Reached skill level 1 in Hexes
  1512 | D:2      | Reached skill level 1 in Charms
  1512 | D:2      | Reached skill level 1 in Summonings
  1512 | D:2      | Reached skill level 1 in Necromancy
  1512 | D:2      | Reached skill level 1 in Translocations
  1512 | D:2      | Reached skill level 1 in Transmutations
  1512 | D:2      | Reached skill level 1 in Fire Magic
  1512 | D:2      | Reached skill level 1 in Ice Magic
  1512 | D:2      | Reached skill level 1 in Air Magic
  1512 | D:2      | Reached skill level 1 in Earth Magic
  1512 | D:2      | Reached skill level 1 in Poison Magic
  1564 | D:2      | Reached XP level 5. HP: 44/47 MP: 6/6
  2214 | D:3      | Noticed Terence
  2215 | D:3      | Noticed Grinder
  2216 | D:3      | Paralysed by Grinder for 5 turns
  2234 | D:2      | Killed Terence
  2264 | D:3      | Paralysed by Grinder for 3 turns
  2265 | D:3      | HP: 1/47 [Grinder/nerve-wracking pain (7)]
  2266 | D:3      | Slain by Grinder

Illustrated notes

Levels and vault maps discovered:
D:1:      wheals_arrival_linesprint, layout_loops_ring
D:2:      layout_loops_ring, hangedman_decor_push
D:3:      layout_basic, first_ration, uniq_terence, uniq_grinder

Skill      XL: |  1  2  3  4 |
---------------+-------------+-----
Invocations    | 1 |  1.6
Short Blades   | 1 |  1.4
Axes           | 1 |  1.4
Maces & Flails | 1 |  1.4
Polearms       | 1 |  1.4
Staves         | 1 |  1.4
Slings         | 1 |  1.4
Bows           | 1 |  1.4
Crossbows      | 1 |  1.4
Throwing       | 1 |  1.4
Dodging        | 1 |  1.4
Stealth        | 1 |  1.4
Unarmed Combat | 1 |  1.4
Spellcasting   | 1 |  1.4
Evocations     | 1 |  1.4
Conjurations   | 1 |  1.1
Hexes          | 1 |  1.1
Charms         | 1 |  1.1
Summonings     | 1 |  1.1
Necromancy     | 1 |  1.1
Translocations | 1 |  1.1
Transmutations | 1 |  1.1
Fire Magic     | 1 |  1.1
Ice Magic      | 1 |  1.1
Air Magic      | 1 |  1.1
Earth Magic    | 1 |  1.1
Poison Magic   | 1 |  1.1
Fighting       | |  6.7
Long Blades    | |  4.7
Armour         | |  6.7
Shields        | |  6.7

Action                   |  1- 3 |  4- 6 || total
-------------------------+-------+-------++-------
Melee: Long sword        |   111 |   101 ||   212
       Bite              |    16 |    14 ||    30
  Use: Potion            |       |     1 ||     1
  Eat: Chunk             |     1 |     3 ||     4
Armor: Scale mail        |    43 |     5 ||    48
       Chain mail        |       |    35 ||    35
Dodge: Dodged            |    23 |    27 ||    50
Block: Kite shield       |    58 |    52 ||   110
       Rpst.: Long sword |     8 |     8 ||    16

Table legend:
 A = Non-vault XP
 B = Vault XP
 C = Vault XP percentage of total XP
 D = Non-vault monster count
 E = Vault monster count
 F = Vault count percentage of total count
                 A         B        C        D         E       F
            +---------+---------+-------+---------+---------+-------
      Total |     191 |      36 |  15.9 |      52 |       1 |   1.9
            +---------+---------+-------+---------+---------+-------
        D:1 |      24 |       0 |   0.0 |      13 |       0 |   0.0
        D:2 |     155 |      36 |  18.8 |      34 |       1 |   2.9
        D:3 |      12 |       0 |   0.0 |       5 |       0 |   0.0
            +---------+---------+-------+---------+---------+-------
